 Dungeon Crawl Stone Soup version 0.29.0-11-gd7f09526c8 (webtiles) character file.

Game seed: 14239329195381628329

2491 greasedhog the Basher (level 10, -1/121 HPs)
             Began as a Meteoran Berserker on Sept 6, 2022.
             Was a Priest of Trog.
             Succumbed to Amaemon's curare
             ... on level 8 of the Dungeon.
             The game lasted 00:10:30 (2311 turns).

greasedhog the Basher (Meteoran Berserker)          Turns: 2311, Time: 00:10:30

Health: -1/121     AC:  7    Str: 24    XL:     10   Next: 8%
Magic:  11/11      EV: 13    Int:  8    God:    Trog [***...]
Gold:   222        SH:  0    Dex: 14    Spells: 9/9 levels left

rFire   . . .      SeeInvis .   y - +0 flail (freeze)
rCold   . . .      Faith    .   (no shield)
rNeg    . . .      Spirit   .   c - +0 ring mail
rPois   .          Reflect  .   (no helmet)
rElec   .          Harm     .   u - +0 cloak
rCorr   +          Rampage  .   (no gloves)
Will    +++..                   (no boots)
Stlth   ..........              (no amulet)
HPRegen 1.30/turn               k - ring of resist corrosion
MPRegen 0.12/turn               (no ring)

@: berserking (expiring), lethally poisoned (-1 -> -10), strong-willed,
regenerating, slowed, glowing
A: sense surroundings 2, otherworldly, glowing, explore regen
a: Renounce Religion, Berserk, Trog's Hand


You were on level 8 of the Dungeon.
You worshipped Trog.
Trog was most pleased with you.
You visited 1 branch of the dungeon, and saw 8 of its levels.
You also visited: Sewer.

You collected 222 gold pieces.

Inventory:

Hand Weapons
 y - a +0 flail of freezing (weapon)
Armour
 c - a +0 ring mail (worn)
 u - a +0 cloak (worn)
Jewellery
 k - a ring of resist corrosion (left hand)
Wands
 a - a wand of acid (5)
 t - a wand of mindburst (11)
Scrolls
 b - 2 scrolls of fog {unknown}
 e - a scroll of magic mapping
 f - a scroll of brand weapon
 g - 3 scrolls of immolation
 h - a scroll of enchant armour {unknown}
 o - 3 scrolls of teleportation {unknown}
 p - a scroll of blinking {unknown}
 q - 2 scrolls of vulnerability {unknown}
 s - a scroll of enchant weapon {unknown}
 w - a scroll of summoning {unknown}
 x - a scroll of amnesia {unknown}
Potions
 d - 7 potions of curing
 i - 2 potions of brilliance
 j - a potion of cancellation {unknown}
 l - a potion of ambrosia {unknown}
 m - 3 potions of heal wounds {unknown}
 n - a potion of might
 r - a potion of mutation {unknown}
 v - a potion of haste {unknown}
 z - 3 potions of lignification {unknown}
 A - a potion of flight {unknown}


   Skills:
 * Level 5.5 Fighting
 - Level 12.0 Maces & Flails
 - Level 5.8 Armour
 - Level 5.3 Dodging
 * Level 6.1 Evocations


You had 9 spell levels left.
You didn't know any spells.
Your spell library was empty.

Dungeon Overview and Level Annotations

Branches:
Dungeon (8/15) Zot: 2788    Sewer (visited)
 Temple: D:4-7         Lair: D:8-11

Altars:
Dithmenos
Trog
The Shining One

Shops:
D:5 [[


Innate Abilities, Weirdness & Mutations

You passively map the area around you.
You are easily found by Zot.
You glow in the dark.
You regain HP and MP as you explore.


Message History

Amaemon claws you.
Amaemon tail-slaps you but does no damage.
You bludgeon Amaemon!! You freeze Amaemon!
Amaemon is severely wounded.
You feel sick.
The scorpion stings you but does no damage.
The scorpion barely misses you.
The scorpion stings you but does no damage.
You hit Amaemon. You freeze Amaemon.
Amaemon is almost dead.
You feel sick. The scorpion stings you.
Amaemon hits you with the +8 whip "Snakebite" {venom, curare, rPois}!
You are more poisoned.
You have difficulty breathing.
* * * LOW HITPOINT WARNING * * *
You feel yourself slow down. Amaemon claws you!
* * * LOW HITPOINT WARNING * * *
Amaemon tail-slaps you.
* * * LOW HITPOINT WARNING * * *
The orange demon stings you from afar!
* * * LOW HITPOINT WARNING * * *
You are too berserk!
Unknown command.
You hit Amaemon. You freeze Amaemon. You punch Amaemon!
Amaemon is almost dead.
You feel very sick.
The scorpion stings you but does no damage.
The scorpion misses you.
The scorpion stings you but does no damage.
The scorpion stings you.
* * * LOW HITPOINT WARNING * * *
The orange demon stings you from afar!
* * * LOW HITPOINT WARNING * * *
Amaemon gestures wildly while chanting.
You bludgeon Amaemon!! You freeze Amaemon.
You kill Amaemon!
Trog accepts your kill.
Trog appreciates your killing of a magic user.
The scorpion disappears in a puff of smoke! x7
You die...

.# #...,, * * ,
#.##... ... , *
*..#... ..## #. ,
....##...##... * *
...##........##* *
*#§§##.........##..,
#§4##......#...#..
#)##....###...... ,
#§@§...###........
**#§.§..###.....#
,.#
#....##...###...# *
* . ##.##
###.......## * #,*
##........# # *
#...#.....###
#..###......###*
##.## ##...))..## *
#..# ##..))....


You could see an orange demon (curare).

Vanquished Creatures
  Amaemon (D:8)
  Grinder (D:4)
  Sigmund (D:2)
  3 yaks (D:6)
  Eustachio (D:6)
  An ice beast (D:6)
  Duvessa (D:7)
  2 black bears
  2 ogres
  A centaur (D:7)
  2 phantoms
  Blork the orc (D:6)
  A gnoll sergeant (D:8)
  A bullfrog (D:6)
  2 scorpions (D:7)
  Dowan (D:7)
  A howler monkey (D:7)
  A hound (D:4)
  An iguana (D:6)
  4 orc wizards
  4 gnolls (D:8)
  6 adders
  8 river rats (Sewer)
  An ufetubus (D:5)
  2 worms
  2 dart slugs
  13 orcs
  An endoplasm (D:4)
  3 goblins
  3 hobgoblins
  3 jackals (D:2)
  2 quokkas
  6 ball pythons
  A bat (D:3)
  4 frilled lizards
  3 kobolds
  10 rats
101 creatures vanquished.

Notes
Turn   | Place    | Note
-------+----------+-------------------------------------------
     0 | D:1      | greasedhog the Meteoran Berserker began the quest for the
                  | Orb.
     0 | D:1      | Reached XP level 1. HP: 19/19 MP: 2/2
    95 | D:2      | Reached XP level 2. HP: 24/26 MP: 3/3
   261 | D:2      | Noticed Sigmund
   283 | D:2      | Killed Sigmund
   284 | D:2      | Reached skill level 5 in Fighting
   284 | D:2      | Reached skill level 6 in Maces & Flails
   284 | D:2      | Reached XP level 3. HP: 36/36 MP: 4/4
   284 | D:2      | Reached XP level 4. HP: 42/42 MP: 5/5
   284 | D:2      | Reached XP level 5. HP: 48/48 MP: 6/6
   284 | D:2      | Reached XP level 6. HP: 56/56 MP: 7/7
   475 | D:3      | Found a glowing drain.
   510 | Sewer    | Entered a sewer
   649 | Sewer    | Reached ** piety under Trog
   752 | Sewer    | Reached skill level 7 in Maces & Flails
   762 | Sewer    | Reached XP level 7. HP: 47/61 MP: 8/8
  1133 | D:4      | Noticed Grinder
  1133 | D:4      | Paralysed by Grinder for 5 turns
  1145 | D:4      | Killed Grinder
  1146 | D:4      | Reached skill level 8 in Maces & Flails
  1146 | D:4      | Reached skill level 5 in Dodging
  1146 | D:4      | Reached XP level 8. HP: 68/68 MP: 9/9
  1274 | D:5      | Entered Level 5 of the Dungeon
  1308 | D:5      | Found Ucwemo's Antique Armour Emporium.
  1500 | D:5      | Found a shadowy altar of Dithmenos.
  1501 | D:5      | Found a glowing golden altar of the Shining One.
  1530 | D:5      | Reached skill level 9 in Maces & Flails
  1542 | D:6      | Found a bloodstained altar of Trog.
  1553 | D:6      | Noticed Eustachio
  1589 | D:6      | Killed Eustachio
  1638 | D:6      | Noticed a yak
  1639 | D:6      | Noticed a yak
  1639 | D:6      | Noticed a yak
  1643 | D:5      | Found Defeely's Antique Armour Emporium.
  1668 | D:6      | Killed a yak
  1669 | D:6      | Reached skill level 5 in Armour
  1673 | D:6      | Killed a yak
  1674 | D:6      | Reached skill level 10 in Maces & Flails
  1674 | D:6      | Gained mutation: You passively map the area around you.
                  | [Meteoran growth]
  1674 | D:6      | Reached XP level 9. HP: 71/74 MP: 10/10
  1700 | D:6      | Noticed Blork the orc
  1725 | D:6      | Killed Blork the orc
  1799 | D:6      | Reached *** piety under Trog
  1800 | D:6      | Reached skill level 11 in Maces & Flails
  1867 | D:7      | Noticed Duvessa
  1874 | D:7      | Noticed Dowan
  1880 | D:7      | Killed Duvessa
  1900 | D:7      | Killed Dowan
  1901 | D:7      | Reached skill level 5 in Evocations
  2024 | D:7      | Reached skill level 12 in Maces & Flails
  2024 | D:7      | Reached XP level 10. HP: 72/81 MP: 11/11
  2291 | D:8      | Noticed Amaemon
  2297 | D:8      | Noticed an orange demon
  2310 | D:8      | HP: 2/121 [orange demon[Amaemon] (8)]
  2311 | D:8      | Killed Amaemon
  2311 | D:8      | Succumbed to Amaemon's curare

Illustrated notes

Levels and vault maps discovered:
D:1:      dpeg_arrival_tiny_f, layout_loops_ring
D:2:      layout_loops_ring, dreamdust_ecumenical_altar_statues, uniq_sigmund
D:3:      layout_basic, cheibrodos_sewer_entry_bend
D:4:      layout_gridville, bh_walls_and_bars, uniq_grinder
D:5:      layout_loops_ring, mainiacjoe_overflow_catwalk_spiral,
          minmay_temple_entry_proselytizer, serial_shops, nicolae_shop_stone,
          nicolae_take_the_stairs
D:6:      layout_rooms, mainiacjoe_overflow_brackets, uniq_eustachio,
          uniq_blork_the_orc
D:7:      layout_loops_corners, uniq_joseph, uniq_duvessa
D:8:      layout_layer_cave, uniq_amaemon

Skill      XL: |  1  2  3  4  5  6  7  8  9 10 |
---------------+-------------------------------+-----
Fighting       | 5 |  5.5
Maces & Flails | 6 7 8 10 12 | 12.0
Dodging        | 3 5 |  5.3
Armour         | 5 |  5.8
Evocations     | 5 6 |  6.1

Action                   |  1- 3 |  4- 6 |  7- 9 | 10-12 || total
-------------------------+-------+-------+-------+-------++-------
Melee: Mace              |    36 |   112 |    82 |       ||   230
       Punch             |       |     2 |     5 |     3 ||    10
       Flail             |       |       |   122 |    36 ||   158
Invok: Berserk           |     2 |       |     2 |     2 ||     6
       Trog's Hand       |       |       |     1 |     1 ||     2
Evoke: Wand              |       |       |     5 |       ||     5
  Use: Scroll            |     1 |       |     5 |       ||     6
Armor: Ring mail         |     8 |    45 |    52 |    22 ||   127
Dodge: Dodged            |    24 |    47 |   112 |    18 ||   201
